 Dungeon Crawl Stone Soup version 0.19-a0-1079-g88a7474 (console) character file.

756 flowsnake the Charmwright (level 7, -2/58 HPs)
             Began as a Green Draconian Skald on Aug 6, 2016.
             Slain by Grinder (3 damage)
             ... while paralysed by Grinder
             ... on level 5 of the Dungeon.
             The game lasted 00:18:16 (4185 turns).

flowsnake the Charmwright (Green Draconian Skald)   Turns: 4185, Time: 00:18:17

Health: -2/58      AC:  9    Str: 14    XL:     7   Next: 50%
Magic:  3/11       EV:  2    Int: 14    God:
Gold:   197        SH:  0    Dex: 11    Spells: 4 memorised, 4 levels left

rFire  . . .     SeeInvis .     q - +0 scimitar
rCold  . . .     Gourm    .     (armour unavailable)
rNeg   . . .     Faith    .     k - +2 buckler
rPois  +         Spirit   .     (helmet restricted)
rElec  .         Dismiss  .     r - +2 cloak
rCorr  .         Reflect  .     (no gloves)
SustAt .         Harm     .     (no boots)
MR     .....                    (no amulet)
Stlth  +.........               (no ring)
                                (no ring)

@: paralysed, singing (expiring)
A: breathe noxious fumes, unfitting armour, poison resistance, cold-blooded, AC
+6
a: Breathe Noxious Fumes, Stop Singing


You were on level 5 of the Dungeon.
You were hungry.

You visited 1 branch of the dungeon, and saw 5 of its levels.

You collected 197 gold pieces.

Inventory:

Hand Weapons
 a - a +1 falchion
 j - a +1 dagger of protection
 q - a +0 scimitar (weapon)
Armour
 k - a +2 buckler (worn)
 r - a +2 cloak (worn)
Magical Staves
 w - an uncursed staff of power
Jewellery
 t - a cursed -3 ring of protection {unknown}
Wands
 p - a wand of random effects (43/48)
Scrolls
 e - 2 scrolls of enchant armour
 l - a scroll of enchant weapon
 o - a scroll of fog
 s - a scroll of recharging
 y - a scroll of teleportation
Potions
 f - a potion of invisibility {unknown}
 g - 2 potions of magic {unknown}
 h - 3 potions of lignification
 i - 3 potions of curing
 m - 3 potions of haste
 n - 2 potions of heal wounds {unknown}
 u - 2 potions of flight
Books
 b - a book of Battle

   Spells                             Type                      Level
   a - Infusion                       Charms                       1
   b - Shroud of Golubria             Charms/Translocation         2
   c - Song of Slaying                Charms                       2
   d - Spectral Weapon                Hexes/Charms                 3
   e - Regeneration                   Charms/Necromancy            3
Comestibles
 c - 2 bread rations
 d - 4 meat rations


   Skills:
 + Level 3.9 Fighting
 + Level 3.9 Long Blades
 + Level 4.0 Dodging
 + Level 0.8 Stealth
 + Level 1.5 Shields
 + Level 3.0 Spellcasting
 + Level 4.0 Charms
 * Level 2.2 Necromancy
 + Level 0.2 Translocations


You had 4 spell levels left.
You knew the following spells:

 Your Spells              Type           Power        Failure   Level  Hunger
a - Infusion              Chrm           ##..         8%          1    #......
b - Song of Slaying       Chrm           ##......     12%         2    ##.....
c - Shroud of Golubria    Chrm/Tloc      #.........   21%         2    ##.....
d - Regeneration          Chrm/Necr      ##........   28%         3    ###....


Dungeon Overview and Level Annotations

Branches:
Dungeon (5/15)
 Temple: D:4-7

Altars:
Ashenzari
Makhleb

Annotations:
D:4 Menkaure
D:5 Grinder


Innate Abilities, Weirdness & Mutations

You can breathe blasts of noxious fumes.
Your lurid green scales are hard. (AC +6)
Your body does not fit into most forms of armour.
Your system is resistant to poisons. (rPois)
You are cold-blooded and may be slowed by cold attacks.


Message History

You hit Grinder.
Grinder is moderately wounded.
Grinder says, "Just stop there for a second..."
Grinder gestures at you. Pain shoots through your body!
* * * LOW HITPOINT WARNING * * *
Your song is almost over.
Grinder gestures at you.
You suddenly lose the ability to move!
Grinder gestures at you.
You shrug off the repeated paralysis!
Grinder gestures at you. You resist with significant effort.
Grinder blinks!
Grinder hits you.
* * * LOW HITPOINT WARNING * * *
You writhe in agony.
* * * LOW HITPOINT WARNING * * *
Grinder hits you.
You die...

█·█ █··█ █········· █·█
█··█ ██·███··██ █·█ █··█
█·█ █ ███████·█ █··█ ██·█
███·······█ █··█
█··███··██ █·····█████
█··████████·········
██·███·█
█···········████████ ···█
█·█ ██·████████·█ ██·███·█
████████·█ █·█ █·····█
█········█ █·█ ███·█·█
██████·████████ █·█ █·█·█
█············█ █·█ █ █·█·█
█·████·█████·█ █·█ ██·███
█·█·█ █·█ █·█ █·█
█·██████)····█ █·█·█ █·█
█·█ █·█ █···5dg)·····█
█·█·█ █·█ █·█████·█
█··█████·····<· █·█·█████
█·█ █·····>·█████ █··█
·····██ █·█·····█ █·█
███████····(█ █··█ ·······
█·█████·█ █·█
█·█···█████··█ ██·███·
█·███ █·█ █·█
██····█······█ ·█ █···█
█·█ █·█ ██····███████·█ 5
███·█ █·█
█·█████████···███ █·█ ··
█·█ █·█ █·······██··███
█·█ █·█
█·█████████·█··█████ ███·█
█·█ █····^······██··█··██
█···█
█·█████████████·███···†·██
█·███ █······█
█···███··⌂∩█ █·██████···
██████·█


█████ ██··██ █·········█ █·█ ████████··████████ You could see Grinder and a
gnoll.

Vanquished Creatures
  Sigmund (D:2)
  A sky beast (D:5)
  A phantom (D:5)
  A crimson imp (D:5)
  2 hounds (D:5)
  A giant frog skeleton (D:5)
  Natasha (twice) (D:3)
  Ijyb (D:2)
  3 worker ants
  Robin (D:2)
  5 adders
  2 gnolls (D:5)
  An ooze (D:2)
  An adder skeleton (D:4)
  2 dart slugs (D:3)
  3 giant geckos
  3 orcs
  A ball python (D:2)
  12 bats
  3 giant cockroaches
  8 goblins
  11 hobgoblins
  8 kobolds
  A giant gecko skeleton (D:5)
  3 giant newts
  8 rats
86 creatures vanquished.

Notes
Turn   | Place    | Note
-------+----------+-------------------------------------------
     0 | D:1      | flowsnake the Draconian Skald began the quest for the Orb.
     0 | D:1      | Reached XP level 1. HP: 17/17 MP: 3/3
   269 | D:1      | Reached XP level 2. HP: 24/24 MP: 5/5
   870 | D:1      | Learned a level 2 spell: Song of Slaying
   873 | D:1      | Learned a level 2 spell: Shroud of Golubria
  1038 | D:2      | Found a shattered altar of Ashenzari.
  1074 | D:2      | Noticed Robin
  1077 | D:2      | Killed Robin
  1077 | D:2      | Reached XP level 3. HP: 23/30 MP: 3/6
  1180 | D:2      | Noticed Sigmund
  1197 | D:2      | HP: 1/30 [Sigmund/magic dart (4)]
  1922 | D:3      | Reached XP level 4. HP: 23/37 MP: 1/7
  2071 | D:3      | Noticed Natasha
  2080 | D:3      | Killed Natasha
  2562 | D:2      | Killed Sigmund
  2562 | D:2      | Reached skill level 1 in Shields
  2562 | D:2      | Reached XP level 5. HP: 15/45 MP: 0/8
  2562 | D:2      | Reached XP level 6. HP: 17/51 MP: 0/9
  2766 | D:2      | Learned a level 3 spell: Regeneration
  2838 | D:2      | Noticed Ijyb
  2857 | D:2      | Killed Ijyb
  3214 | D:3      | Noticed Natasha
  3221 | D:3      | Killed Natasha
  3221 | D:3      | Reached skill level 1 in Necromancy
  3532 | D:4      | Noticed Menkaure
  3567 | D:5      | Entered Level 5 of the Dungeon
  3587 | D:5      | Noticed a sky beast
  3603 | D:5      | Killed a sky beast
  3759 | D:5      | Your scales start taking on a lurid green colour.
  3759 | D:5      | Reached XP level 7. HP: 57/57 MP: 7/11
  3759 | D:5      | Gained mutation: Your system is resistant to poisons. (rPois) [Green Draconian growth]
  3867 | D:5      | Found a burning altar of Makhleb.
  4162 | D:5      | Noticed Grinder
  4180 | D:5      | Paralysed by Grinder for 7 turns
  4184 | D:5      | HP: 1/58 [Grinder (3)]
  4185 | D:5      | Slain by Grinder

Vault maps used:
D:1:      matt_arrival_los_fun, minmay_misc_feat_iff
D:2:      evilmike_ruin_ashenzari, uniq_iyjb, uniq_sigmund, uniq_robin
D:3:      uniq_natasha
D:4:      first_bread, uniq_menkaure
D:5:      makhleb_blood_cavern_becter, uniq_grinder

Skill      XL: |  1  2  3  4  5  6  7 |
---------------+----------------------+-----
Charms         | 3 4 |  4.0
Dodging        | 2 3 4 |  4.0
Fighting       | 3 |  3.9
Long Blades    | 3 |  3.9
Shields        | 1 |  1.5
Necromancy     | 1 2 |  2.2
Spellcasting   | 3 |  3.0
Stealth        | |  0.8
Translocations | |  0.2

Action                   |  1- 3 |  4- 6 |  7- 9 || total
-------------------------+-------+-------+-------++-------
Melee: Falchion          |   141 |       |       ||   141
       Tailslap          |    19 |     8 |    10 ||    37
       Scimitar          |    19 |   157 |    74 ||   250
 Cast: Infusion          |     6 |     5 |     1 ||    12
       Shroud of Golubri |       |     2 |       ||     2
       Song of Slaying   |       |     1 |     1 ||     2
 Abil: Breathe Noxious F |       |       |     1 ||     1
  Use: Scroll            |     8 |     4 |     2 ||    14
 Stab: Sleeping          |     2 |       |       ||     2
  Eat: Chunk             |     4 |     6 |     1 ||    11
Armor: Skin              |    39 |    32 |    13 ||    84
Dodge: Dodged            |    82 |    78 |    35 ||   195
Block: Buckler           |    15 |    33 |     7 ||    55
